[ AOE2 MATCH · #482007993 ]
UnrankedBurgundians vs Teutons
[ REPLAY ANALYSIS · EXTRACTED FROM THE RECORDED GAME ]
Feudal
11:13
Castle
22:31
Imperial
28:06
| APM avg | 11.3 |
| APM peak | 26 |
| eAPM avg | 7.7 |
| Villagers / military | 76 / 16 |
Focus
⚔️ 18.7% · 🌾 81.3%
Spearman ×7 · Coustillier ×4 · Knight ×2 · Trebuchet (Packed) ×2 · Scout Cavalry ×1
Feudal
10:57
Castle
14:52
Imperial
30:50
| APM avg | 24.0 |
| APM peak | 51 |
| eAPM avg | 15.9 |
| Villagers / military | 135 / 85 |
Focus
⚔️ 29.2% · 🌾 70.8%
Knight ×80 · Bombard Cannon ×5
Feudal
12:36
Castle
16:37
Imperial
29:41
| APM avg | 16.8 |
| APM peak | 60 |
| eAPM avg | 8.5 |
| Villagers / military | 69 / 60 |
Focus
⚔️ 22.6% · 🌾 77.4%
Genoese Crossbowman ×50 · Bombard Cannon ×8 · Trebuchet (Packed) ×2
Feudal
12:41
Castle
17:42
Imperial
30:43
| APM avg | 20.4 |
| APM peak | 46 |
| eAPM avg | 13.2 |
| Villagers / military | 132 / 105 |
Focus
⚔️ 19.1% · 🌾 80.9%
Hussite Wagon ×48 · Skirmisher ×34 · Knight ×20 · Trade Cart ×3 · Bombard Cannon ×3
Feudal
12:15
Castle
15:31
Imperial
28:24
| APM avg | 13.6 |
| APM peak | 38 |
| eAPM avg | 9.2 |
| Villagers / military | 129 / 62 |
Focus
⚔️ 23.1% · 🌾 76.9%
Battle Elephant ×40 · Militia ×15 · Trebuchet (Packed) ×5 · Monk ×1 · Bombard Cannon ×1
Feudal
12:32
Castle
17:31
Imperial
29:24
| APM avg | 11.5 |
| APM peak | 36 |
| eAPM avg | 7.3 |
| Villagers / military | 53 / 26 |
Focus
⚔️ 14.9% · 🌾 85.1%
Conquistador ×20 · Trebuchet (Packed) ×5 · Monk ×1
Feudal
11:19
Castle
15:12
Imperial
29:06
| APM avg | 29.7 |
| APM peak | 77 |
| eAPM avg | 14.1 |
| Villagers / military | 87 / 74 |
Focus
⚔️ 26.5% · 🌾 73.5%
Knight ×63 · Trebuchet (Packed) ×4 · Monk ×2 · Mangonel ×2 · Battering Ram ×2 · Spearman ×1
Feudal
10:59
Castle
19:55
Imperial
34:51
| APM avg | 24.3 |
| APM peak | 61 |
| eAPM avg | 19.0 |
| Villagers / military | 135 / 102 |
Focus
⚔️ 24.4% · 🌾 75.6%
Mangudai ×99 · Trade Cart ×37 · Monk ×3
Match map
Initial resources + every placement click. Lines = walls · curves = elevation contours. ◆ gold · ⬟ stone · ● berries · ✦ relic · ◌ wall gap
Your base· ✓ Closed at 22:31 · 0t walls · 3 gate(s)
CobraCabreada(LN)'s base· ✓ Closed at 14:52 · 0t walls · 3 gate(s)
Basicopata's base· ✓ Closed at 16:37 · 0t walls · 3 gate(s)
Comander's base· ✓ Closed at 17:42 · 0t walls · 2 gate(s)
Sairaog's base· ✓ Closed at 15:31 · 0t walls · 3 gate(s)
bofo_996's base· ✓ Closed at 17:31 · 0t walls · 2 gate(s)
Pancetita's base· ✓ Closed at 15:12 · 0t walls · 2 gate(s)
Guppy's base· ✓ Closed at 19:55 · 25t walls · 2 gate(s)
Smoothed initial terrain · ◌ = detected wall gap · hover for details
Inputs per minute
— Silver - - CobraCabreada(LN)
Build order — Silver
139 actions detected in the replay
| 0:03 | Create | Villager (Male) ×4 |
| 0:04 | Research | Loom |
| 0:10 | Build | House |
| 0:12 | Build | House |
| 1:49 | Create | Villager (Male) |
| 2:05 | Create | Villager (Male) |
| 2:35 | Create | Villager (Male) |
| 2:42 | Build | House |
| 2:43 | Build | House |
| 2:44 | Build | House |
| 3:04 | Create | Villager (Male) ×2 |
| 3:35 | Create | Villager (Male) |
| 3:41 | Research | Wheelbarrow |
| 4:38 | Create | Villager (Male) ×3 |
| 4:51 | Create | Villager (Male) |
| 5:36 | Create | Villager (Male) |
| 6:09 | Create | Villager (Male) ×4 |
| 7:42 | Build | Lumber Camp |
| 8:24 | Build | Mill |
| 9:03 | Research | Feudal Age |
| 9:52 | Research | Double-Bit Axe |
| 9:55 | Research | Horse Collar |
| 10:13 | Build | Barracks |
| 11:13 | Age | Feudal Age |
| 11:17 | Build | Mining Camp |
| 11:27 | Build | Farm |
| 11:29 | Build | Farm |
| 11:32 | Create | Villager (Male) ×5 |
| 11:42 | Create | Spearman |
| 11:43 | Create | Spearman |
| 12:32 | Research | Bow Saw |
| 12:41 | Build | Farm |
| 12:42 | Build | Farm |
| 13:02 | Build | House |
| 13:29 | Build | House |
| 14:26 | Research | Hand Cart |
| 14:34 | Build | Stable |
| 15:08 | Build | Blacksmith |
| 15:24 | Create | Villager (Male) ×5 |
| 15:29 | Build | Farm |
| 15:32 | Build | Farm |
| 15:33 | Build | Farm |
| 15:49 | Build | Mining Camp |
| 16:19 | Build | House |
| 16:21 | Build | House |
| 16:22 | Build | House |
| 16:45 | Build | Farm |
| 16:46 | Build | Farm |
| 16:49 | Build | Farm |
| 16:55 | Research | Stone Mining |
| 17:13 | Create | Villager (Male) ×5 |
| 17:59 | Build | Farm |
| 18:00 | Build | Farm |
| 18:02 | Build | Farm |
| 18:03 | Build | Farm |
| 19:02 | Research | Stone Shaft Mining |
| 19:33 | Build | Farm |
| 19:51 | Research | Castle Age |
| 20:43 | Research | Gold Mining |
| 20:47 | Research | Forging |
| 20:48 | Research | Scale Mail Armor |
| 20:54 | Research | Arson |
| 21:05 | Build | Farm |
| 21:06 | Build | Farm |
| 21:20 | Build | Lumber Camp |
| 21:43 | Create | Scout Cavalry |
| 22:31 | Age | Castle Age |
| 22:37 | Build | Monastery |
| 22:46 | Build | University |
| 22:58 | Build | Castle |
| 23:14 | Build | Town Center |
| 23:29 | Create | Villager (Male) |
| 23:30 | Create | Villager (Male) |
| 24:05 | Build | Farm |
| 24:06 | Build | Farm |
| 24:09 | Build | Farm |
| 24:11 | Build | Farm |
| 24:12 | Build | Farm |
| 24:19 | Create | Villager (Male) |
| 24:20 | Create | Villager (Male) |
| 24:56 | Research | Imperial Age |
| 25:00 | Create | Villager (Male) ×3 |
| 25:29 | Create | Villager (Male) ×5 |
| 25:51 | Build | Mill |
| 26:07 | Research | Husbandry |
| 26:17 | Build | Barracks |
| 26:18 | Build | Barracks |
| 26:42 | Create | Villager (Male) ×5 |
| 27:00 | Research | Squires |
| 27:03 | Research | Pikeman (upgrade) |
| 27:12 | Create | Coustillier |
| 27:21 | Build | Farm |
| 27:50 | Create | Coustillier |
| 27:50 | Create | Coustillier |
| 28:06 | Age | Imperial Age |
| 28:07 | Build | Lumber Camp |
| 28:18 | Create | Trebuchet (Packed) |
| 28:27 | Create | Villager (Male) ×5 |
| 28:49 | Create | Knight |
| 28:51 | Research | Cavalier (upgrade) |
| 28:55 | Research | Scale Barding Armor |
| 29:48 | Research | Gold Shaft Mining |
| 29:56 | Create | Trebuchet (Packed) |
| 31:13 | Research | Chemistry |
| 31:15 | Research | Treadmill Crane |
| 32:00 | Create | Spearman ×5 |
| 32:08 | Build | House |
| 32:10 | Build | House |
| 32:10 | Build | House |
| 32:11 | Build | House |
| 32:12 | Build | House |
| 32:12 | Build | House |
| 33:16 | Build | Town Center |
| 33:40 | Build | Castle |
| 33:51 | Research | Paladin (upgrade) |
| 33:57 | Build | Farm |
| 34:04 | Create | Villager (Male) ×5 |
| 34:12 | Create | Villager (Male) ×5 |
| 34:23 | Build | House |
| 34:25 | Build | House |
| 34:26 | Build | House |
| 34:27 | Build | House |
| 34:29 | Build | House |
| 34:30 | Build | House |
| 34:31 | Build | House |
| 34:32 | Build | House |
| 34:33 | Build | House |
| 34:33 | Build | House |
| 34:44 | Research | Murder Holes |
| 34:54 | Research | Heavy Plow |
| 35:07 | Research | Conscription |
| 35:12 | Research | Iron Casting |
| 35:23 | Create | Knight |
| 35:38 | Create | Coustillier |
| 37:11 | Create | Villager (Male) ×5 |
| 37:18 | Create | Villager (Male) ×5 |
| 37:33 | Research | Ballistics |
| 39:22 | Build | Market |
| 40:28 | Build | Town Center |
Build order — CobraCabreada(LN)
First 150 of 378 actions detected
| 0:01 | Create | Villager (Male) |
| 0:02 | Create | Villager (Male) |
| 0:02 | Create | Villager (Male) |
| 0:02 | Create | Villager (Male) |
| 0:03 | Build | House |
| 0:07 | Build | House |
| 1:32 | Create | Villager (Male) |
| 1:47 | Build | Lumber Camp |
| 1:50 | Create | Villager (Male) |
| 1:56 | Research | Loom |
| 2:18 | Create | Villager (Male) |
| 2:41 | Create | Villager (Male) |
| 2:41 | Create | Villager (Male) |
| 3:09 | Create | Villager (Male) |
| 3:32 | Create | Villager (Male) |
| 3:50 | Build | House |
| 3:52 | Build | House |
| 3:54 | Create | Villager (Male) |
| 4:20 | Build | Mill |
| 4:27 | Create | Villager (Male) |
| 4:41 | Create | Villager (Male) |
| 4:55 | Build | House |
| 5:03 | Create | Villager (Male) |
| 5:18 | Create | Villager (Male) |
| 5:36 | Create | Villager (Male) |
| 6:07 | Create | Villager (Male) |
| 6:36 | Build | Mill |
| 6:40 | Create | Villager (Male) |
| 6:41 | Create | Villager (Male) |
| 6:54 | Create | Villager (Male) |
| 6:54 | Create | Villager (Male) |
| 6:54 | Create | Villager (Male) |
| 8:40 | Research | Feudal Age |
| 9:01 | Build | Farm |
| 9:05 | Build | Farm |
| 9:11 | Build | Farm |
| 9:49 | Create | Villager (Male) |
| 9:50 | Create | Villager (Male) |
| 9:53 | Research | Loom |
| 10:57 | Age | Feudal Age |
| 10:59 | Build | Market |
| 11:03 | Build | Blacksmith |
| 11:59 | Research | Castle Age |
| 12:28 | Research | Horse Collar |
| 12:32 | Research | Double-Bit Axe |
| 12:39 | Build | Farm |
| 12:44 | Build | Farm |
| 12:50 | Build | Farm |
| 13:13 | Create | Villager (Male) |
| 13:13 | Create | Villager (Male) |
| 14:52 | Age | Castle Age |
| 14:56 | Build | Town Center |
| 15:17 | Build | House |
| 15:30 | Build | Town Center |
| 15:43 | Create | Villager (Male) |
| 15:43 | Create | Villager (Male) |
| 15:45 | Build | Farm |
| 15:53 | Build | Farm |
| 15:58 | Build | Farm |
| 16:02 | Build | Farm |
| 16:06 | Build | House |
| 16:14 | Create | Villager (Male) |
| 16:17 | Build | Farm |
| 16:20 | Build | Farm |
| 16:23 | Create | Villager (Male) |
| 16:37 | Build | House |
| 16:42 | Build | Farm |
| 16:50 | Create | Villager (Male) |
| 16:50 | Create | Villager (Male) |
| 16:50 | Create | Villager (Male) |
| 16:53 | Create | Villager (Male) |
| 17:10 | Create | Villager (Male) |
| 17:10 | Create | Villager (Male) |
| 17:11 | Create | Villager (Male) |
| 17:13 | Create | Villager (Male) |
| 17:15 | Create | Villager (Male) |
| 17:16 | Create | Villager (Male) |
| 17:17 | Create | Villager (Male) |
| 17:17 | Create | Villager (Male) |
| 17:21 | Build | Farm |
| 17:29 | Build | Farm |
| 17:36 | Create | Villager (Male) |
| 17:38 | Build | Farm |
| 17:44 | Build | Farm |
| 17:47 | Build | Farm |
| 17:55 | Create | Villager (Male) |
| 17:55 | Create | Villager (Male) |
| 17:59 | Build | Farm |
| 18:07 | Create | Villager (Male) |
| 18:11 | Build | Farm |
| 18:13 | Build | Farm |
| 18:15 | Build | Farm |
| 18:19 | Build | Farm |
| 18:27 | Build | Farm |
| 18:30 | Create | Villager (Male) |
| 18:33 | Build | House |
| 18:42 | Create | Villager (Male) |
| 18:43 | Create | Villager (Male) |
| 18:45 | Create | Villager (Male) |
| 18:48 | Build | Farm |
| 18:56 | Create | Villager (Male) |
| 18:58 | Create | Villager (Male) |
| 19:01 | Build | Farm |
| 19:03 | Build | Farm |
| 19:15 | Create | Villager (Male) |
| 19:16 | Create | Villager (Male) |
| 19:19 | Create | Villager (Male) |
| 19:25 | Build | Farm |
| 19:32 | Build | Farm |
| 19:35 | Create | Villager (Male) |
| 19:38 | Create | Villager (Male) |
| 19:40 | Build | Farm |
| 19:44 | Build | House |
| 19:55 | Build | University |
| 20:01 | Create | Villager (Male) |
| 20:04 | Create | Villager (Male) |
| 20:07 | Build | House |
| 20:08 | Build | House |
| 20:10 | Build | House |
| 20:12 | Create | Villager (Male) |
| 20:14 | Create | Villager (Male) |
| 20:20 | Research | Wheelbarrow |
| 20:24 | Build | Farm |
| 20:29 | Build | Farm |
| 20:37 | Create | Villager (Male) |
| 20:39 | Create | Villager (Male) |
| 20:44 | Build | Farm |
| 20:50 | Build | Monastery |
| 20:56 | Create | Villager (Male) |
| 20:57 | Create | Villager (Male) |
| 21:04 | Build | Farm |
| 21:29 | Build | Farm |
| 21:34 | Create | Villager (Male) |
| 21:42 | Build | House |
| 21:48 | Create | Villager (Male) |
| 21:49 | Create | Villager (Male) |
| 21:51 | Create | Villager (Male) |
| 21:51 | Create | Villager (Male) |
| 21:54 | Create | Villager (Male) |
| 21:54 | Create | Villager (Male) |
| 21:55 | Create | Villager (Male) |
| 22:00 | Build | Farm |
| 22:06 | Build | House |
| 22:14 | Build | Farm |
| 22:16 | Build | Farm |
| 22:19 | Build | Farm |
| 22:22 | Build | Farm |
| 22:29 | Build | Mining Camp |
| 22:33 | Create | Villager (Male) |
| 22:33 | Create | Villager (Male) |
Build order — Basicopata
First 150 of 168 actions detected
| 0:13 | Build | House |
| 0:20 | Build | House |
| 0:23 | Create | Villager (Male) |
| 0:23 | Create | Villager (Male) |
| 0:24 | Create | Villager (Male) |
| 0:24 | Create | Villager (Male) |
| 0:24 | Create | Villager (Male) |
| 3:08 | Create | Villager (Male) |
| 3:08 | Create | Villager (Male) |
| 3:31 | Create | Villager (Male) |
| 3:31 | Create | Villager (Male) |
| 4:18 | Create | Villager (Male) |
| 4:40 | Build | House |
| 4:44 | Create | Villager (Male) |
| 4:45 | Create | Villager (Male) |
| 4:56 | Build | Mill |
| 5:39 | Create | Villager (Male) |
| 5:40 | Create | Villager (Male) |
| 5:40 | Create | Villager (Male) |
| 5:40 | Create | Villager (Male) |
| 7:10 | Build | House |
| 7:18 | Build | Lumber Camp |
| 7:56 | Create | Villager (Male) |
| 7:56 | Create | Villager (Male) |
| 7:57 | Create | Villager (Male) |
| 9:04 | Create | Villager (Male) |
| 9:04 | Create | Villager (Male) |
| 9:06 | Create | Villager (Male) |
| 9:46 | Research | Feudal Age |
| 10:06 | Build | House |
| 10:11 | Build | Mining Camp |
| 10:19 | Research | Loom |
| 10:19 | Create | Villager (Male) |
| 11:53 | Build | Barracks |
| 12:36 | Age | Feudal Age |
| 12:59 | Build | Archery Range |
| 13:07 | Build | Blacksmith |
| 13:38 | Build | Mining Camp |
| 13:57 | Research | Castle Age |
| 14:34 | Research | Double-Bit Axe |
| 14:39 | Research | Horse Collar |
| 15:28 | Build | Farm |
| 15:30 | Build | Farm |
| 15:32 | Build | Farm |
| 15:33 | Build | Farm |
| 15:35 | Build | Farm |
| 15:36 | Build | Farm |
| 15:51 | Build | Farm |
| 15:57 | Build | Farm |
| 16:24 | Build | Farm |
| 16:37 | Age | Castle Age |
| 16:44 | Create | Villager (Male) |
| 16:45 | Create | Villager (Male) |
| 16:46 | Research | Wheelbarrow |
| 17:08 | Research | Bow Saw |
| 17:46 | Research | Heavy Plow |
| 17:53 | Create | Villager (Male) |
| 17:53 | Create | Villager (Male) |
| 18:50 | Build | Town Center |
| 19:08 | Create | Villager (Male) |
| 19:55 | Build | House |
| 20:02 | Build | Town Center |
| 20:53 | Build | Farm |
| 20:54 | Build | Farm |
| 20:56 | Build | Farm |
| 21:03 | Create | Villager (Male) |
| 21:03 | Create | Villager (Male) |
| 21:03 | Create | Villager (Male) |
| 21:15 | Research | Hand Cart |
| 21:15 | Create | Villager (Male) |
| 21:16 | Create | Villager (Male) |
| 21:16 | Create | Villager (Male) |
| 22:11 | Build | House |
| 22:28 | Create | Villager (Male) |
| 22:28 | Create | Villager (Male) |
| 22:56 | Build | Castle |
| 23:11 | Create | Villager (Male) |
| 23:11 | Create | Villager (Male) |
| 23:11 | Create | Villager (Male) |
| 23:11 | Create | Villager (Male) |
| 23:35 | Build | Farm |
| 23:37 | Build | Farm |
| 23:38 | Build | Farm |
| 23:43 | Research | Gold Mining |
| 23:58 | Create | Villager (Male) |
| 23:58 | Create | Villager (Male) |
| 24:09 | Build | Farm |
| 24:10 | Build | Farm |
| 24:12 | Build | Farm |
| 24:13 | Build | Farm |
| 24:21 | Build | Mining Camp |
| 24:32 | Build | Archery Range |
| 24:47 | Create | Villager (Male) |
| 24:47 | Create | Villager (Male) |
| 25:00 | Build | Farm |
| 25:02 | Build | Farm |
| 25:07 | Create | Villager (Male) |
| 25:08 | Create | Villager (Male) |
| 25:14 | Create | Villager (Male) |
| 25:14 | Create | Villager (Male) |
| 26:12 | Build | Archery Range |
| 26:19 | Build | University |
| 26:31 | Research | Imperial Age |
| 27:49 | Build | House |
| 27:50 | Build | House |
| 27:51 | Build | House |
| 27:52 | Build | House |
| 27:55 | Build | House |
| 28:00 | Research | Ballistics |
| 28:02 | Research | Masonry |
| 28:05 | Create | Genoese Crossbowman ×5 |
| 28:06 | Create | Genoese Crossbowman ×5 |
| 28:06 | Create | Genoese Crossbowman ×5 |
| 28:06 | Create | Genoese Crossbowman |
| 28:17 | Create | Villager (Male) |
| 28:18 | Create | Villager (Male) |
| 28:18 | Create | Villager (Male) |
| 28:18 | Create | Villager (Male) |
| 28:18 | Create | Villager (Male) |
| 28:31 | Research | Fletching |
| 28:32 | Research | Padded Archer Armor |
| 28:35 | Research | Crossbowman (upgrade) |
| 29:41 | Age | Imperial Age |
| 29:48 | Research | Chemistry |
| 29:54 | Research | Arbalester (upgrade) |
| 29:55 | Research | Thumb Ring |
| 30:06 | Create | Villager (Male) |
| 30:06 | Create | Villager (Male) |
| 30:07 | Create | Villager (Male) |
| 30:07 | Create | Villager (Male) |
| 30:07 | Create | Villager (Male) |
| 30:31 | Create | Trebuchet (Packed) |
| 30:31 | Create | Trebuchet (Packed) |
| 30:54 | Create | Genoese Crossbowman ×2 |
| 30:54 | Create | Genoese Crossbowman ×2 |
| 31:10 | Build | Siege Workshop |
| 31:20 | Create | Villager (Male) |
| 31:26 | Create | Villager (Male) |
| 31:26 | Create | Villager (Male) |
| 31:26 | Create | Villager (Male) |
| 31:27 | Create | Villager (Male) |
| 31:27 | Create | Villager (Male) |
| 31:27 | Create | Villager (Male) |
| 31:32 | Create | Villager (Male) |
| 31:33 | Create | Villager (Male) |
| 31:33 | Create | Villager (Male) |
| 31:33 | Create | Villager (Male) |
| 32:00 | Create | Genoese Crossbowman ×4 |
| 32:00 | Create | Genoese Crossbowman ×4 |
| 32:00 | Create | Genoese Crossbowman ×4 |
Build order — Comander
First 150 of 291 actions detected
| 0:02 | Research | Loom |
| 0:02 | Create | Villager (Male) |
| 0:03 | Create | Villager (Male) |
| 0:03 | Create | Villager (Male) |
| 0:03 | Create | Villager (Male) |
| 0:09 | Build | House |
| 2:02 | Create | Villager (Male) |
| 2:02 | Create | Villager (Male) |
| 2:14 | Create | Villager (Male) |
| 2:15 | Create | Villager (Male) |
| 2:22 | Build | House |
| 2:23 | Build | House |
| 2:25 | Build | House |
| 2:49 | Create | Villager (Male) |
| 3:26 | Create | Villager (Male) |
| 3:26 | Create | Villager (Male) |
| 3:26 | Create | Villager (Male) |
| 3:58 | Build | House |
| 3:59 | Build | House |
| 4:23 | Create | Villager (Male) |
| 4:23 | Create | Villager (Male) |
| 4:24 | Create | Villager (Male) |
| 5:19 | Build | Mill |
| 5:33 | Create | Villager (Male) |
| 5:34 | Create | Villager (Male) |
| 6:12 | Create | Villager (Male) |
| 6:12 | Create | Villager (Male) |
| 6:13 | Create | Villager (Male) |
| 6:38 | Build | Lumber Camp |
| 7:03 | Build | Mill |
| 7:11 | Create | Villager (Male) |
| 7:11 | Create | Villager (Male) |
| 7:12 | Create | Villager (Male) |
| 7:12 | Create | Villager (Male) |
| 8:10 | Create | Villager (Male) |
| 8:10 | Create | Villager (Male) |
| 8:57 | Build | Mining Camp |
| 9:08 | Create | Villager (Male) |
| 9:41 | Create | Villager (Male) |
| 10:02 | Create | Villager (Male) |
| 10:12 | Build | House |
| 10:13 | Build | House |
| 10:15 | Build | House |
| 10:25 | Research | Feudal Age |
| 12:15 | Build | House |
| 12:22 | Build | House |
| 12:41 | Age | Feudal Age |
| 12:53 | Build | Market |
| 13:01 | Build | Blacksmith |
| 13:35 | Create | Villager (Male) |
| 13:36 | Create | Villager (Male) |
| 13:47 | Build | House |
| 14:01 | Build | Farm |
| 14:03 | Build | Farm |
| 14:05 | Build | Farm |
| 14:06 | Build | Farm |
| 14:08 | Build | Farm |
| 14:27 | Create | Villager (Male) |
| 14:36 | Build | Farm |
| 14:56 | Build | Farm |
| 15:02 | Research | Castle Age |
| 15:17 | Create | Villager (Male) |
| 15:31 | Research | Double-Bit Axe |
| 16:00 | Research | Horse Collar |
| 17:42 | Age | Castle Age |
| 17:46 | Build | Town Center |
| 17:53 | Create | Villager (Male) |
| 17:53 | Create | Villager (Male) |
| 17:54 | Create | Villager (Male) |
| 18:47 | Create | Villager (Male) |
| 18:48 | Create | Villager (Male) |
| 18:48 | Create | Villager (Male) |
| 18:48 | Create | Villager (Male) |
| 18:57 | Build | Farm |
| 18:58 | Build | Farm |
| 19:00 | Create | Villager (Male) |
| 19:09 | Build | Town Center |
| 19:17 | Create | Villager (Male) |
| 19:18 | Create | Villager (Male) |
| 19:18 | Create | Villager (Male) |
| 19:46 | Build | Farm |
| 20:23 | Create | Villager (Male) |
| 20:24 | Create | Villager (Male) |
| 20:24 | Create | Villager (Male) |
| 20:30 | Build | Farm |
| 20:44 | Create | Villager (Male) |
| 20:51 | Build | Farm |
| 21:20 | Build | Barracks |
| 21:26 | Create | Villager (Male) |
| 21:26 | Create | Villager (Male) |
| 21:27 | Create | Villager (Male) |
| 21:27 | Create | Villager (Male) |
| 21:35 | Build | Farm |
| 21:36 | Build | Farm |
| 21:51 | Build | Farm |
| 21:52 | Build | Farm |
| 21:53 | Build | Farm |
| 22:03 | Build | University |
| 22:06 | Create | Villager (Male) |
| 22:06 | Create | Villager (Male) |
| 22:07 | Create | Villager (Male) |
| 22:15 | Build | Farm |
| 22:29 | Build | Castle |
| 22:41 | Create | Villager (Male) |
| 22:42 | Create | Villager (Male) |
| 22:42 | Create | Villager (Male) |
| 22:48 | Build | Farm |
| 23:01 | Build | Monastery |
| 23:05 | Create | Villager (Male) |
| 23:06 | Create | Villager (Male) |
| 23:07 | Create | Villager (Male) |
| 23:15 | Build | Farm |
| 23:46 | Build | Farm |
| 23:56 | Create | Villager (Male) |
| 24:07 | Create | Villager (Male) |
| 24:08 | Create | Villager (Male) |
| 24:09 | Create | Villager (Male) |
| 24:19 | Build | Gate |
| 24:23 | Build | House |
| 24:24 | Build | House |
| 24:26 | Build | House |
| 24:29 | Build | House |
| 24:30 | Build | House |
| 24:37 | Create | Villager (Male) |
| 24:37 | Create | Villager (Male) |
| 24:38 | Create | Villager (Male) |
| 24:44 | Build | Farm |
| 25:05 | Build | Farm |
| 25:06 | Build | Farm |
| 25:08 | Build | Farm |
| 25:10 | Build | Farm |
| 25:12 | Build | Farm |
| 25:15 | Build | Farm |
| 25:17 | Create | Villager (Male) |
| 25:18 | Create | Villager (Male) |
| 25:19 | Create | Villager (Male) |
| 25:27 | Build | Farm |
| 25:41 | Build | Castle |
| 25:48 | Build | Stable |
| 25:50 | Create | Villager (Male) |
| 25:51 | Create | Villager (Male) |
| 25:52 | Create | Villager (Male) |
| 25:59 | Build | Farm |
| 26:11 | Build | Gate |
| 26:25 | Build | Town Center |
| 26:39 | Build | Farm |
| 26:43 | Create | Villager (Male) |
| 26:43 | Create | Villager (Male) |
| 26:44 | Create | Villager (Male) |
| 26:52 | Build | Farm |
Build order — Sairaog
First 150 of 227 actions detected
| 0:02 | Create | Villager (Male) |
| 0:02 | Create | Villager (Male) |
| 0:03 | Create | Villager (Male) |
| 0:03 | Create | Villager (Male) |
| 0:03 | Create | Villager (Male) |
| 0:05 | Build | House |
| 0:08 | Build | House |
| 1:07 | Research | Loom |
| 1:52 | Create | Villager (Male) |
| 1:53 | Create | Villager (Male) |
| 2:29 | Create | Villager (Male) |
| 2:29 | Create | Villager (Male) |
| 3:11 | Build | Lumber Camp |
| 3:15 | Create | Villager (Male) |
| 3:15 | Create | Villager (Male) |
| 3:28 | Build | House |
| 3:34 | Build | House |
| 4:17 | Create | Villager (Male) |
| 4:17 | Create | Villager (Male) |
| 4:18 | Create | Villager (Male) |
| 4:18 | Create | Villager (Male) |
| 5:00 | Create | Villager (Male) |
| 5:00 | Create | Villager (Male) |
| 5:00 | Create | Villager (Male) |
| 5:30 | Build | Mill |
| 5:36 | Create | Villager (Male) |
| 5:37 | Create | Villager (Male) |
| 5:37 | Create | Villager (Male) |
| 7:02 | Build | House |
| 7:04 | Build | House |
| 7:14 | Create | Villager (Male) |
| 7:15 | Create | Villager (Male) |
| 7:15 | Create | Villager (Male) |
| 7:15 | Create | Villager (Male) |
| 7:16 | Create | Villager (Male) |
| 7:17 | Create | Villager (Male) |
| 7:52 | Create | Villager (Male) |
| 8:52 | Create | Villager (Male) |
| 9:26 | Build | Mining Camp |
| 9:49 | Research | Feudal Age |
| 10:43 | Create | Villager (Male) |
| 10:43 | Create | Villager (Male) |
| 10:44 | Create | Villager (Male) |
| 10:44 | Create | Villager (Male) |
| 11:21 | Build | Mining Camp |
| 12:15 | Age | Feudal Age |
| 12:31 | Build | Market |
| 12:38 | Build | Blacksmith |
| 13:33 | Research | Double-Bit Axe |
| 13:36 | Research | Castle Age |
| 13:55 | Build | Farm |
| 13:56 | Build | Farm |
| 14:08 | Build | Farm |
| 14:09 | Build | Farm |
| 14:22 | Build | Farm |
| 14:23 | Build | Farm |
| 14:24 | Build | Farm |
| 14:37 | Build | Farm |
| 14:37 | Build | Farm |
| 14:47 | Build | House |
| 14:49 | Build | House |
| 14:50 | Build | House |
| 14:52 | Build | House |
| 15:29 | Build | Farm |
| 15:31 | Age | Castle Age |
| 15:33 | Build | Farm |
| 15:34 | Build | Farm |
| 15:38 | Create | Villager (Male) |
| 15:38 | Create | Villager (Male) |
| 16:01 | Create | Villager (Male) |
| 16:08 | Create | Villager (Male) |
| 16:38 | Create | Villager (Male) |
| 16:38 | Create | Villager (Male) |
| 16:53 | Build | Barracks |
| 17:05 | Build | House |
| 17:06 | Build | House |
| 17:07 | Build | House |
| 17:08 | Build | House |
| 17:53 | Build | Town Center |
| 18:04 | Create | Villager (Male) |
| 18:05 | Create | Villager (Male) |
| 18:30 | Build | Stable |
| 18:39 | Create | Villager (Male) |
| 18:39 | Create | Villager (Male) |
| 18:40 | Create | Villager (Male) |
| 19:37 | Create | Villager (Male) ×5 |
| 19:38 | Create | Villager (Male) ×3 |
| 19:38 | Create | Villager (Male) ×3 |
| 19:52 | Research | Horse Collar |
| 20:02 | Build | Castle |
| 20:08 | Build | Mining Camp |
| 20:15 | Create | Battle Elephant |
| 20:31 | Build | Farm |
| 20:32 | Build | Farm |
| 20:32 | Build | Farm |
| 20:33 | Build | Farm |
| 20:34 | Build | Farm |
| 20:42 | Build | Farm |
| 20:42 | Build | Farm |
| 20:59 | Build | Farm |
| 20:59 | Build | Farm |
| 21:00 | Build | Farm |
| 21:06 | Create | Villager (Male) |
| 21:07 | Create | Villager (Male) |
| 21:09 | Create | Villager (Male) |
| 21:13 | Create | Battle Elephant |
| 21:53 | Create | Villager (Male) ×5 |
| 22:22 | Create | Battle Elephant |
| 22:29 | Create | Battle Elephant |
| 22:37 | Build | Farm |
| 22:37 | Build | Farm |
| 22:38 | Build | Farm |
| 22:48 | Build | Farm |
| 22:48 | Build | Farm |
| 22:58 | Create | Villager (Male) ×5 |
| 23:09 | Build | Farm |
| 23:10 | Build | Farm |
| 23:10 | Build | Farm |
| 23:21 | Research | Bow Saw |
| 23:33 | Build | Farm |
| 23:42 | Build | Farm |
| 23:47 | Create | Battle Elephant |
| 23:53 | Create | Battle Elephant |
| 23:54 | Create | Battle Elephant |
| 24:09 | Create | Villager (Male) ×2 |
| 24:28 | Create | Villager (Male) |
| 24:28 | Create | Villager (Male) |
| 24:29 | Create | Villager (Male) |
| 24:29 | Create | Villager (Male) |
| 24:46 | Build | Farm |
| 24:58 | Create | Villager (Male) |
| 24:58 | Create | Villager (Male) |
| 25:08 | Create | Battle Elephant |
| 25:09 | Create | Battle Elephant |
| 25:32 | Build | Mining Camp |
| 25:43 | Build | Mill |
| 25:48 | Build | Farm |
| 25:56 | Build | Monastery |
| 26:05 | Create | Villager (Male) |
| 26:05 | Create | Villager (Male) |
| 26:28 | Research | Imperial Age |
| 26:35 | Create | Battle Elephant |
| 26:44 | Research | Forging |
| 26:50 | Create | Villager (Male) |
| 27:00 | Build | Farm |
| 27:01 | Build | Farm |
| 27:02 | Build | Farm |
| 27:02 | Build | Farm |
| 27:23 | Build | House |
| 27:24 | Build | House |
Build order — bofo_996
143 actions detected in the replay
| 0:12 | Research | Loom |
| 0:19 | Create | Villager (Male) ×4 |
| 0:39 | Build | House |
| 0:41 | Build | House |
| 0:42 | Build | House |
| 0:44 | Build | House |
| 3:04 | Build | Mill |
| 3:26 | Create | Villager (Male) |
| 3:27 | Create | Villager (Male) ×2 |
| 4:59 | Create | Villager (Male) ×3 |
| 5:38 | Create | Villager (Male) |
| 5:40 | Create | Villager (Male) |
| 6:51 | Create | Villager (Male) |
| 6:51 | Create | Villager (Male) |
| 6:52 | Create | Villager (Male) |
| 6:52 | Create | Villager (Male) |
| 7:24 | Create | Villager (Male) |
| 7:28 | Create | Villager (Male) |
| 8:16 | Build | Lumber Camp |
| 8:28 | Build | Mining Camp |
| 8:32 | Create | Villager (Male) |
| 9:26 | Build | Mining Camp |
| 10:22 | Research | Feudal Age |
| 10:35 | Build | House |
| 10:37 | Build | House |
| 10:38 | Build | House |
| 10:40 | Build | House |
| 12:32 | Age | Feudal Age |
| 13:12 | Build | Market |
| 13:53 | Build | Blacksmith |
| 14:51 | Research | Castle Age |
| 15:08 | Build | House |
| 15:09 | Build | House |
| 17:21 | Research | Double-Bit Axe |
| 17:31 | Age | Castle Age |
| 17:37 | Build | Castle |
| 17:48 | Research | Wheelbarrow |
| 18:40 | Research | Gold Mining |
| 18:44 | Create | Villager (Male) |
| 18:58 | Build | Farm |
| 19:00 | Build | Farm |
| 19:02 | Build | Farm |
| 19:03 | Build | Farm |
| 19:34 | Create | Villager (Male) |
| 19:34 | Create | Villager (Male) |
| 19:45 | Build | Monastery |
| 20:22 | Create | Villager (Male) |
| 20:34 | Build | Farm |
| 20:38 | Create | Monk |
| 20:54 | Create | Villager (Male) |
| 21:03 | Build | Farm |
| 21:30 | Build | Town Center |
| 21:53 | Create | Villager (Male) |
| 21:53 | Create | Villager (Male) |
| 22:08 | Research | Horse Collar |
| 22:28 | Build | Farm |
| 22:37 | Create | Villager (Male) |
| 22:51 | Build | Farm |
| 23:08 | Create | Villager (Male) |
| 23:16 | Build | Farm |
| 23:21 | Create | Villager (Male) |
| 23:29 | Create | Villager (Male) |
| 23:55 | Build | Farm |
| 24:02 | Create | Villager (Male) |
| 24:03 | Create | Villager (Male) |
| 24:11 | Build | Farm |
| 24:47 | Build | Farm |
| 24:56 | Build | Farm |
| 24:59 | Create | Villager (Male) |
| 25:00 | Create | Villager (Male) |
| 25:25 | Build | Farm |
| 25:51 | Build | Farm |
| 26:14 | Research | Imperial Age |
| 26:21 | Build | Farm |
| 26:43 | Research | Bow Saw |
| 26:47 | Research | Heavy Plow |
| 26:53 | Research | Fletching |
| 26:57 | Research | Padded Archer Armor |
| 27:06 | Build | Lumber Camp |
| 27:27 | Create | Conquistador |
| 27:31 | Research | Bodkin Arrow |
| 27:41 | Create | Villager (Male) |
| 28:41 | Research | Leather Archer Armor |
| 28:55 | Create | Conquistador |
| 29:24 | Age | Imperial Age |
| 29:26 | Create | Trebuchet (Packed) |
| 29:28 | Create | Trebuchet (Packed) |
| 29:31 | Create | Trebuchet (Packed) |
| 29:36 | Research | Bracer |
| 29:47 | Research | Hand Cart |
| 30:04 | Build | Farm |
| 30:57 | Create | Villager (Male) |
| 30:58 | Create | Villager (Male) |
| 32:02 | Create | Conquistador |
| 32:02 | Create | Conquistador |
| 32:02 | Create | Conquistador |
| 32:30 | Create | Villager (Male) |
| 32:30 | Create | Villager (Male) |
| 32:31 | Create | Villager (Male) |
| 32:31 | Create | Villager (Male) |
| 32:41 | Build | Farm |
| 33:13 | Build | Castle |
| 33:36 | Create | Villager (Male) |
| 33:36 | Create | Villager (Male) |
| 33:43 | Research | Ring Archer Armor |
| 33:56 | Build | House |
| 33:58 | Build | House |
| 33:59 | Build | House |
| 34:00 | Build | House |
| 34:01 | Build | House |
| 34:03 | Build | House |
| 34:03 | Build | House |
| 34:28 | Research | Conscription |
| 34:29 | Create | Conquistador ×4 |
| 35:04 | Build | Town Center |
| 35:21 | Build | Mining Camp |
| 35:39 | Build | Farm |
| 35:41 | Build | Farm |
| 35:42 | Build | Farm |
| 35:45 | Build | Farm |
| 35:47 | Build | Farm |
| 36:23 | Build | Farm |
| 36:25 | Build | Farm |
| 36:26 | Build | Farm |
| 36:36 | Create | Conquistador ×5 |
| 36:54 | Create | Villager (Male) ×5 |
| 37:05 | Build | House |
| 37:06 | Build | House |
| 37:06 | Build | House |
| 37:08 | Build | House |
| 37:09 | Build | House |
| 37:10 | Build | House |
| 37:13 | Create | Villager (Male) ×5 |
| 37:33 | Build | Farm |
| 37:58 | Build | Farm |
| 38:04 | Create | Trebuchet (Packed) |
| 38:05 | Create | Trebuchet (Packed) |
| 38:07 | Create | Conquistador |
| 38:07 | Create | Conquistador |
| 38:39 | Build | Farm |
| 38:50 | Build | Lumber Camp |
| 38:56 | Create | Conquistador ×4 |
| 40:23 | Build | Gate |
Build order — Pancetita
First 150 of 218 actions detected
| 0:03 | Build | House |
| 0:04 | Build | House |
| 0:06 | Create | Villager (Male) |
| 0:07 | Create | Villager (Male) |
| 0:07 | Create | Villager (Male) |
| 0:07 | Create | Villager (Male) |
| 0:07 | Create | Villager (Male) |
| 1:44 | Create | Villager (Male) |
| 2:01 | Create | Villager (Male) |
| 2:01 | Create | Villager (Male) |
| 2:32 | Create | Villager (Male) |
| 2:32 | Create | Villager (Male) |
| 2:57 | Create | Villager (Male) |
| 2:58 | Create | Villager (Male) |
| 3:13 | Build | House |
| 3:15 | Build | Lumber Camp |
| 3:22 | Create | Villager (Male) |
| 3:51 | Create | Villager (Male) |
| 4:17 | Build | Mill |
| 4:23 | Create | Villager (Male) |
| 5:01 | Create | Villager (Male) |
| 5:02 | Create | Villager (Male) |
| 5:02 | Create | Villager (Male) |
| 5:02 | Create | Villager (Male) |
| 5:38 | Build | House |
| 5:52 | Create | Villager (Male) |
| 6:22 | Create | Villager (Male) |
| 6:50 | Create | Villager (Male) |
| 6:58 | Build | House |
| 7:41 | Create | Villager (Male) |
| 7:41 | Create | Villager (Male) |
| 8:35 | Build | Mining Camp |
| 8:44 | Create | Villager (Male) |
| 8:46 | Research | Feudal Age |
| 10:26 | Build | House |
| 10:34 | Build | House |
| 11:05 | Research | Loom |
| 11:19 | Age | Feudal Age |
| 11:24 | Build | Market |
| 11:30 | Build | Blacksmith |
| 12:06 | Create | Villager (Male) |
| 12:13 | Research | Castle Age |
| 12:13 | Research | Castle Age |
| 12:32 | Build | Lumber Camp |
| 13:54 | Build | House |
| 14:40 | Build | Barracks |
| 14:58 | Build | Farm |
| 14:58 | Build | Farm |
| 14:58 | Build | Farm |
| 14:59 | Build | Farm |
| 14:59 | Build | Farm |
| 14:59 | Build | Farm |
| 15:02 | Build | Farm |
| 15:12 | Age | Castle Age |
| 15:22 | Create | Villager (Male) |
| 15:22 | Create | Villager (Male) |
| 15:22 | Create | Villager (Male) |
| 15:26 | Build | Town Center |
| 15:41 | Build | Monastery |
| 15:56 | Research | Double-Bit Axe |
| 16:13 | Create | Spearman |
| 16:15 | Create | Monk |
| 16:24 | Build | Mining Camp |
| 16:53 | Create | Monk |
| 17:04 | Create | Villager (Male) |
| 17:06 | Build | Farm |
| 17:18 | Create | Villager (Male) |
| 17:18 | Create | Villager (Male) |
| 17:18 | Create | Villager (Male) |
| 17:20 | Create | Villager (Male) |
| 17:49 | Build | Town Center |
| 18:22 | Create | Villager (Male) |
| 18:23 | Create | Villager (Male) |
| 18:24 | Create | Villager (Male) |
| 18:27 | Create | Villager (Male) |
| 18:38 | Research | Bow Saw |
| 18:39 | Research | Bow Saw |
| 18:58 | Build | Farm |
| 19:00 | Build | Farm |
| 19:07 | Build | Farm |
| 19:10 | Build | Farm |
| 19:36 | Create | Villager (Male) |
| 19:37 | Create | Villager (Male) |
| 19:38 | Create | Villager (Male) |
| 19:38 | Create | Villager (Male) |
| 19:45 | Build | Farm |
| 19:56 | Build | University |
| 19:58 | Build | House |
| 20:00 | Build | House |
| 21:01 | Build | Farm |
| 21:01 | Build | Farm |
| 21:05 | Build | Farm |
| 21:08 | Create | Villager (Male) |
| 21:08 | Create | Villager (Male) |
| 21:12 | Research | Wheelbarrow |
| 21:15 | Create | Villager (Male) |
| 21:15 | Create | Villager (Male) |
| 21:15 | Create | Villager (Male) |
| 21:28 | Build | Stable |
| 21:29 | Build | Stable |
| 21:44 | Build | Stable |
| 22:23 | Create | Villager (Male) |
| 22:23 | Create | Villager (Male) |
| 22:28 | Build | Farm |
| 22:34 | Build | Farm |
| 22:38 | Build | Farm |
| 22:41 | Build | House |
| 22:42 | Build | House |
| 22:46 | Build | House |
| 22:51 | Create | Villager (Male) |
| 22:51 | Create | Villager (Male) |
| 23:07 | Build | Stable |
| 23:08 | Research | Husbandry |
| 23:16 | Build | Farm |
| 23:22 | Build | Farm |
| 23:24 | Create | Villager (Male) |
| 23:25 | Create | Villager (Male) |
| 23:26 | Create | Villager (Male) |
| 23:34 | Build | House |
| 23:36 | Research | Forging |
| 23:41 | Research | Scale Barding Armor |
| 23:41 | Research | Scale Barding Armor |
| 24:01 | Create | Knight |
| 24:01 | Create | Knight |
| 24:01 | Create | Knight |
| 24:14 | Build | Castle |
| 24:36 | Create | Villager (Male) |
| 24:39 | Create | Villager (Male) |
| 25:00 | Build | Siege Workshop |
| 25:56 | Research | Imperial Age |
| 25:56 | Research | Imperial Age |
| 26:09 | Create | Knight |
| 26:12 | Create | Knight |
| 26:12 | Create | Knight |
| 26:30 | Create | Battering Ram |
| 26:30 | Create | Battering Ram |
| 26:35 | Research | Murder Holes |
| 26:54 | Build | Mining Camp |
| 27:00 | Build | Farm |
| 27:06 | Build | Farm |
| 27:09 | Build | Farm |
| 27:11 | Build | Farm |
| 27:16 | Research | Hand Cart |
| 28:23 | Create | Mangonel |
| 28:40 | Build | Stable |
| 28:43 | Research | Gold Mining |
| 28:44 | Research | Stone Mining |
| 28:52 | Create | Villager (Male) |
| 28:53 | Create | Villager (Male) |
| 28:53 | Create | Villager (Male) |
Build order — Guppy
First 150 of 405 actions detected
| 0:02 | Build | House |
| 0:04 | Build | House |
| 0:04 | Create | Villager (Male) |
| 0:05 | Create | Villager (Male) |
| 0:05 | Create | Villager (Male) |
| 0:05 | Create | Villager (Male) |
| 0:05 | Create | Villager (Male) |
| 1:26 | Create | Villager (Male) |
| 2:06 | Create | Villager (Male) |
| 2:07 | Create | Villager (Male) |
| 2:21 | Create | Villager (Male) |
| 2:23 | Create | Villager (Male) |
| 2:24 | Create | Villager (Male) |
| 2:50 | Create | Villager (Male) |
| 3:27 | Build | Mill |
| 3:28 | Create | Villager (Male) |
| 3:29 | Create | Villager (Male) |
| 3:55 | Build | House |
| 3:56 | Build | House |
| 3:58 | Build | House |
| 3:59 | Build | House |
| 4:04 | Create | Villager (Male) |
| 4:05 | Create | Villager (Male) |
| 4:05 | Create | Villager (Male) |
| 4:24 | Create | Villager (Male) |
| 4:25 | Create | Villager (Male) |
| 4:54 | Create | Villager (Male) |
| 4:54 | Create | Villager (Male) |
| 4:55 | Create | Villager (Male) |
| 5:23 | Create | Villager (Male) |
| 5:35 | Create | Villager (Male) |
| 5:36 | Create | Villager (Male) |
| 5:42 | Build | Lumber Camp |
| 5:50 | Create | Villager (Male) |
| 6:32 | Create | Villager (Male) |
| 6:33 | Create | Villager (Male) |
| 8:23 | Create | Villager (Male) |
| 8:24 | Research | Feudal Age |
| 8:56 | Build | Lumber Camp |
| 8:57 | Create | Villager (Male) |
| 8:57 | Create | Villager (Male) |
| 9:20 | Build | Mining Camp |
| 9:22 | Create | Villager (Male) |
| 9:31 | Build | Mining Camp |
| 9:53 | Create | Villager (Male) |
| 10:01 | Create | Villager (Male) |
| 10:21 | Create | Villager (Male) |
| 10:59 | Age | Feudal Age |
| 11:00 | Research | Double-Bit Axe |
| 11:00 | Research | Double-Bit Axe |
| 11:01 | Research | Horse Collar |
| 11:01 | Research | Horse Collar |
| 11:57 | Build | Farm |
| 11:58 | Build | Farm |
| 11:59 | Build | Farm |
| 12:01 | Build | Farm |
| 12:02 | Build | Farm |
| 12:04 | Build | Farm |
| 12:05 | Build | Farm |
| 12:07 | Build | Farm |
| 12:11 | Build | Farm |
| 12:16 | Create | Villager (Male) |
| 12:16 | Create | Villager (Male) |
| 12:51 | Create | Villager (Male) |
| 12:52 | Create | Villager (Male) |
| 12:52 | Create | Villager (Male) |
| 13:40 | Build | Market |
| 13:41 | Build | Market |
| 13:58 | Build | House |
| 14:01 | Build | Blacksmith |
| 14:08 | Build | House |
| 14:12 | Build | House |
| 14:25 | Build | Mining Camp |
| 14:29 | Create | Villager (Male) |
| 14:31 | Research | Wheelbarrow |
| 14:58 | Build | House |
| 15:05 | Build | Barracks |
| 15:16 | Build | Farm |
| 15:25 | Build | Farm |
| 15:29 | Build | Farm |
| 15:47 | Build | Farm |
| 15:52 | Research | Castle Age |
| 15:52 | Research | Castle Age |
| 16:04 | Research | Gold Mining |
| 16:12 | Research | Stone Mining |
| 16:13 | Research | Stone Mining |
| 16:58 | Build | Stone Wall |
| 17:01 | Build | Stone Wall |
| 17:11 | Research | Loom |
| 17:12 | Create | Villager (Male) |
| 17:12 | Create | Villager (Male) |
| 17:13 | Create | Villager (Male) |
| 17:23 | Build | House |
| 17:24 | Build | House |
| 17:25 | Build | House |
| 17:35 | Create | Villager (Male) |
| 17:35 | Create | Villager (Male) |
| 17:36 | Create | Villager (Male) |
| 17:36 | Create | Villager (Male) |
| 17:38 | Create | Villager (Male) |
| 17:54 | Build | House |
| 18:08 | Build | Archery Range |
| 18:38 | Build | Stable |
| 18:40 | Build | House |
| 18:43 | Build | House |
| 18:46 | Build | House |
| 19:55 | Age | Castle Age |
| 19:56 | Research | Hand Cart |
| 19:57 | Research | Bow Saw |
| 20:01 | Build | Town Center |
| 20:11 | Build | Town Center |
| 20:17 | Research | Heavy Plow |
| 21:05 | Create | Villager (Male) |
| 21:05 | Create | Villager (Male) |
| 21:05 | Create | Villager (Male) |
| 21:06 | Create | Villager (Male) |
| 21:06 | Create | Villager (Male) |
| 21:12 | Create | Villager (Male) |
| 21:13 | Create | Villager (Male) |
| 21:24 | Create | Villager (Male) |
| 21:32 | Create | Villager (Male) |
| 21:34 | Build | Farm |
| 21:50 | Create | Villager (Male) |
| 21:51 | Create | Villager (Male) |
| 22:00 | Build | Farm |
| 22:13 | Build | Monastery |
| 22:42 | Create | Villager (Male) |
| 22:42 | Create | Villager (Male) |
| 22:46 | Build | Farm |
| 22:46 | Build | Farm |
| 22:46 | Build | Farm |
| 22:47 | Build | Farm |
| 22:47 | Build | Farm |
| 22:47 | Build | Farm |
| 22:47 | Build | Farm |
| 22:48 | Build | Farm |
| 22:48 | Build | Farm |
| 22:48 | Build | Farm |
| 22:48 | Build | Farm |
| 22:49 | Build | Farm |
| 22:53 | Create | Villager (Male) |
| 22:53 | Create | Villager (Male) |
| 22:54 | Create | Villager (Male) |
| 22:54 | Create | Villager (Male) |
| 22:55 | Create | Villager (Male) |
| 23:07 | Create | Monk |
| 23:07 | Create | Monk |
| 23:16 | Create | Villager (Male) |
| 23:16 | Create | Villager (Male) |
| 23:16 | Create | Villager (Male) |
Match timeline
| 10:13 | Silver · first_building Barracks |
| 10:57 | CobraCabreada(LN) · age_up feudal |
| 10:59 | Guppy · age_up feudal |
| 11:13 | Silver · age_up feudal |
| 11:19 | Pancetita · age_up feudal |
| 11:53 | Basicopata · first_building Barracks |
| 11:56 | CobraCabreada(LN) · first_market_sell 100 wood |
| 12:15 | Sairaog · age_up feudal |
| 12:32 | bofo_996 · age_up feudal |
| 12:36 | Basicopata · age_up feudal |
| 12:41 | Comander · age_up feudal |
| 12:59 | Basicopata · first_building Archery Range |
| 14:34 | Silver · first_building Stable |
| 14:40 | Pancetita · first_building Barracks |
| 14:52 | CobraCabreada(LN) · age_up castle |
| 15:05 | Guppy · first_building Barracks |
| 15:12 | Pancetita · age_up castle |
| 15:31 | Sairaog · age_up castle |
| 15:41 | Pancetita · first_building Monastery |
| 16:37 | Basicopata · age_up castle |
| 16:53 | Sairaog · first_building Barracks |
| 16:58 | Guppy · wall_segment Stone Wall x20 |
| 17:01 | Guppy · wall_segment Stone Wall x5 |
| 17:31 | bofo_996 · age_up castle |
| 17:37 | bofo_996 · first_building Castle |
| 17:42 | Comander · age_up castle |
| 18:00 | Sairaog · first_market_buy 100 wood |
| 18:08 | Guppy · first_building Archery Range |
| 18:30 | Sairaog · first_building Stable |
| 18:32 | bofo_996 · first_market_sell 100 wood |
| 18:34 | bofo_996 · first_market_buy 100 food |
| 18:38 | Guppy · first_building Stable |
| 19:19 | Guppy · first_market_buy 100 wood |
| 19:21 | Guppy · first_market_sell 100 food |
| 19:45 | bofo_996 · first_building Monastery |
| 19:55 | Guppy · age_up castle |
| 20:02 | Sairaog · first_building Castle |
| 20:50 | CobraCabreada(LN) · first_building Monastery |
| 21:20 | Comander · first_building Barracks |
| 21:28 | Pancetita · first_building Stable |
| 22:13 | Guppy · first_building Monastery |
| 22:29 | Comander · first_building Castle |
| 22:31 | Silver · age_up castle |
| 22:37 | Silver · first_building Monastery |
| 22:56 | Basicopata · first_building Castle |
| 22:58 | Silver · first_building Castle |
| 23:01 | Comander · first_building Monastery |
| 23:31 | CobraCabreada(LN) · first_market_buy 100 stone |
| 24:14 | Pancetita · first_building Castle |
| 25:00 | Pancetita · first_building Siege Workshop |
| 25:44 | Pancetita · first_market_buy 100 food |
| 25:48 | Comander · first_building Stable |
| 25:48 | Pancetita · first_market_sell 100 wood |
| 25:56 | Sairaog · first_building Monastery |
| 26:12 | CobraCabreada(LN) · first_building Barracks |
| 26:22 | Sairaog · first_market_sell 100 stone |
| 26:28 | Guppy · first_building Castle |
| 27:50 | CobraCabreada(LN) · first_building Stable |
| 28:06 | Silver · age_up imperial |
| 28:24 | Sairaog · age_up imperial |
| 29:06 | Pancetita · age_up imperial |
| 29:24 | bofo_996 · age_up imperial |
| 29:41 | Basicopata · age_up imperial |
| 29:59 | Guppy · wall_segment Stone Wall x2 |
| 30:38 | CobraCabreada(LN) · first_building Castle |
| 30:43 | Comander · age_up imperial |
| 30:50 | CobraCabreada(LN) · age_up imperial |
| 30:50 | Comander · first_building Siege Workshop |
| 31:10 | Basicopata · first_building Siege Workshop |
| 31:53 | CobraCabreada(LN) · first_building Siege Workshop |
| 32:15 | Comander · first_building Archery Range |
| 34:51 | Guppy · age_up imperial |
| 38:05 | Sairaog · first_building Siege Workshop |
| 39:05 | Guppy · resign |
| 39:45 | Silver · first_market_sell 500 wood |
| 39:53 | Silver · first_market_buy 100 stone |
[ AI ANALYSIS · 1 CREDIT ]
What really happened in this match?
Wolo.gg analyzes every decision: build order, eco, micro, common mistakes by bracket. Personalized analysis on WhatsApp or Discord in 30 seconds.
Civ guide
Burgundians
Perfil
Jugador #2761834